 Dungeon Crawl Stone Soup version 0.20.0-15-g7f486f2 (webtiles) character file.

443 AltWight the Shield-Bearer (level 7, 0/52 HPs)
             Began as a Formicid Fighter on June 12, 2017.
             Slain by a killer bee (6 damage)
             ... on level 3 of the Dungeon.
             The game lasted 00:05:17 (2130 turns).

AltWight the Shield-Bearer (Formicid Fighter)       Turns: 2130, Time: 00:05:18

Health: 0/52       AC:  8    Str: 22    XL:     7   Next: 23%
Magic:  7/7        EV:  8    Int:  8    God:
Gold:   99         SH: 10    Dex: 10    Spells: 6/6 levels left

rFire    . . .     SeeInvis +   a - +0 war axe
rCold    . . .     Gourm    .   c - +0 shield
rNeg     . . .     Faith    .   b - +0 scale mail
rPois    .         Spirit   .   (helmet unavailable)
rElec    .         Reflect  .   (no cloak)
rCorr    .         Harm     .   (no gloves)
MR       +....                  i - +0 pair of boots
Stlth    ..........             (no amulet)
Regen    0.2/turn               h - ring of protection from magic
MPRegen  0.1/turn               (no ring)

@: no status effects
A: permanent stasis, dig shafts and tunnels, four strong arms, antennae 3
a: Dig, Shaft Self


You were on level 3 of the Dungeon.
You were not hungry.

You visited 1 branch of the dungeon, and saw 3 of its levels.

You collected 99 gold pieces.

Inventory:

Hand Weapons
 a - a +0 war axe (weapon)
Armour
 b - a +0 scale mail (worn)
 c - a +0 shield (worn)
 i - a +0 pair of boots (worn)
 v - a +0 chain mail
Jewellery
 d - an uncursed ring of magical power {unknown}
 h - a ring of protection from magic (left hand)
Scrolls
 e - 2 scrolls of immolation {unknown}
 g - a scroll of random uselessness {unknown}
 l - 3 scrolls of remove curse {unknown}
 m - a scroll of recharging {unknown}
 p - 2 scrolls of teleportation {unknown}
 r - a scroll of enchant weapon {unknown}
Potions
 k - a potion of cancellation {unknown}
 o - a potion of brilliance {unknown}
 q - 2 potions of heal wounds {unknown}
 u - a potion of might
Comestibles
 f - 2 bread rations
 n - a meat ration
 s - 3 fruits
 t - a chunk of flesh


   Skills:
 - Level 3.2 Fighting
 * Level 5.3 Axes
 + Level 5.0 Armour
 + Level 5.5 Shields


You had 6 spell levels left.
You didn't know any spells.

Dungeon Overview and Level Annotations

Branches:
Dungeon (3/15)

Altars:
Okawaru

Annotations:
D:3 Terence


Innate Abilities, Weirdness & Mutations

You cannot be hasted, slowed, berserked, paralysed or teleported.
You can dig through walls and to a lower floor.
Your four strong arms can wield two-handed weapons with a shield.
You have a pair of large antennae on your head. (SInv)


Message History

The killer bee poisons you! The killer bee closely misses you.
You feel sick. You block the killer bee's attack.
You feel sick.
A giant cockroach comes into view.
You feel sick. The killer bee stings you!
* * * LOW HITPOINT WARNING * * *
You are lethally poisoned!
The killer bee poisons you!
The killer bee stings you but does no damage.
The killer bee stings you.
* * * LOW HITPOINT WARNING * * *
You are more poisoned.
The killer bee poisons you!
You feel better. The killer bee barely misses you. The killer bee stings you.
* * * LOW HITPOINT WARNING * * *
The killer bee stings you but does no damage.
The killer bee stings you!
* * * LOW HITPOINT WARNING * * *
The killer bee stings you.
You die...

.# #..).##.#
.#######....##.####
..................#
.##########.##.##.# ##
########.##.##.#
....>..........# {
########.##.##.###.##
#.##.#####l##y##.......
#......†..yy.yy@<#
#.##...########..# #...
#..... ....y #s.####
#.##... #..# . #...
...# #... ...# #..y
#.##


You could see 5 killer bees, a giant cockroach and a frilled lizard.

Vanquished Creatures
  Sigmund (D:2)
  A killer bee (D:3)
  2 hounds (D:3)
  An orc priest (D:3)
  Jessica (D:3)
  An orc wizard (D:3)
  4 adders
  An ooze (D:3)
  2 dart slugs (D:1)
  3 leopard geckos (D:1)
  3 orcs (D:3)
  A ball python (D:2)
  3 giant cockroaches
  9 goblins
  6 hobgoblins
  3 jackals (D:1)
  2 kobolds
  5 bats
  3 frilled lizards
  4 rats
56 creatures vanquished.

Notes
Turn   | Place    | Note
-------+----------+-------------------------------------------
     0 | D:1      | AltWight the Formicid Fighter began the quest for the Orb.
     0 | D:1      | Reached XP level 1. HP: 18/18 MP: 1/1
   117 | D:1      | Reached XP level 2. HP: 24/24 MP: 2/2
   214 | D:1      | Reached XP level 3. HP: 16/29 MP: 3/3
   812 | D:2      | Reached XP level 4. HP: 35/35 MP: 4/4
  1396 | D:2      | Noticed Sigmund
  1410 | D:2      | Killed Sigmund
  1410 | D:2      | Reached XP level 5. HP: 27/41 MP: 5/5
  1410 | D:2      | Reached XP level 6. HP: 31/47 MP: 6/6
  1889 | D:3      | Reached skill level 5 in Shields
  1987 | D:3      | Found an iron altar of Okawaru.
  2059 | D:3      | Noticed Jessica
  2060 | D:3      | Noticed Terence
  2078 | D:3      | Reached skill level 5 in Axes
  2078 | D:3      | Reached XP level 7. HP: 39/52 MP: 7/7
  2078 | D:3      | Killed Jessica
  2078 | D:3      | Reached skill level 5 in Armour
  2130 | D:3      | Slain by a killer bee

Skill      XL: |  1  2  3  4  5  6  7 |
---------------+----------------------+-----
Axes           | 3 4 5 |  5.3
Shields        | 4 5 |  5.5
Armour         | 4 5 |  5.0
Fighting       | |  3.2

Action                   |  1- 3 |  4- 6 |  7- 9 || total
-------------------------+-------+-------+-------++-------
Melee: War axe           |    94 |   110 |    15 ||   219
 Abil: Dig               |       |     1 |       ||     1
  Use: Potion            |       |     1 |     2 ||     3
  Eat: Chunk             |       |     4 |     1 ||     5
Armor: Scale mail        |    46 |    48 |    10 ||   104
Dodge: Dodged            |    39 |    48 |    11 ||    98
Block: Shield            |    59 |    62 |    13 ||   134
